 Dungeon Crawl Stone Soup version 0.31-a0-1165-g196b491b36 (webtiles) character file.

Game seed: 16178365836933489205

22519 DApurpleWHUMPUS the Fighter (level 13, -24/141 HPs)
             Began as an Ogre Fire Elementalist on Dec 9, 2023.
             Was an Elder of Sif Muna.
             Killed from afar by a frost giant (31 damage)
             ... with a bolt of cold
             ... in an ice cave.
             The game lasted 00:56:45 (19163 turns).

DApurpleWHUMPUS the Fighter (OgFE)                 Turns: 19163, Time: 00:56:46

Health: -24/141    AC: 18    Str: 15    XL:     13   Next: 0%
Magic:  9/28       EV: 14    Int: 21    God:    Sif Muna [****..]
Gold:   1831       SH: 10    Dex: 13    Spells: 24/34 levels left

rFire   . . .        f - +1 broad axe
rCold   + . .        p - +2 kite shield {rC+}
rNeg    + . .        h - quicksilver dragon scales
rPois   .            B - +2 hat {Int+3}
rElec   .            (no cloak)
rCorr   .            (gloves unavailable)
SInv    .            (boots unavailable)
Will    ++...        k - amulet "Diussaj" {RegenMP +Inv rN+ Int+2 Stlth+}
Stlth   ++           s - +5 ring of evasion
HPRegen 0.43/turn    u - +4 ring of protection
MPRegen 0.61/turn

%: no passive effects
@: invisible
A: large, unfitting armour, tough skin 1
a: Renounce Religion, Evoke Invisibility, Channel Magic, Forget Spell, Divine
Exegesis


You were in an ice cave.
You worshipped Sif Muna.
Sif Muna was greatly pleased with you.
You visited 3 branches of the dungeon, and saw 12 of its levels.
You also visited: Sewer, Bailey and Ice Cave.

You collected 1831 gold pieces.

Inventory:

Hand Weapons
 b - a +2 dagger of venom
 f - a +1 broad axe (weapon)
 g - the +9 flail of the Pits of Slime {protect, *Corrode Str+4}
   (You found it on level 5 of the Dungeon)

   Str+4:     It affects your strength (+4).
   *Corrode:  It may corrode you when you take damage.
 l - a +2 heavy mace
 A - the +0 halberd "Killer Klown's Doom" {flame, Contam rF- rC+++ Stlth+}
   (You found it in a bailey)

   rF-:       It makes you vulnerable to fire.
   rC+++:     It renders you almost immune to cold.
   Contam:    It causes magical contamination when unequipped.
   Stlth+:    It makes you more stealthy.
 I - a +4 dire flail
Missiles
 w - a throwing net
Armour
 a - a +1 robe
 h - quicksilver dragon scales (worn)
 p - a +2 kite shield of cold resistance (worn)
 y - a +2 hat
 B - a +2 hat of intelligence (worn)
 N - a +1 kite shield
Magical Staves
 j - a staff of cold
Jewellery
 c - a ring of protection from fire
 k - the amulet "Diussaj" (around neck) {RegenMP +Inv rN+ Int+2 Stlth+}
   (You acquired it in a bailey)

   [amulet of magic regeneration]

   RegenMP:   It increases your rate of magic regeneration.
   Int+2:     It affects your intelligence (+2).
   rN+:       It protects you from negative energy.
   +Inv:      It lets you turn invisible.
   Stlth+:    It makes you more stealthy.
 s - a +5 ring of evasion (left hand)
 u - a +4 ring of protection (right hand)
 x - a +6 ring of intelligence
 H - a ring of magical power
 J - a ring of magical power
 L - a +6 ring of dexterity
 M - a ring of ice
Wands
 m - a wand of acid (6)
 q - a wand of mindburst (12)
 r - a wand of charming (21)
 z - a wand of flame (18)
 G - a wand of iceblast (20)
 O - a wand of polymorph (4)
Scrolls
 d - 3 scrolls of fog
 e - a scroll of blinking
 n - a scroll of immolation
 o - 7 scrolls of identify
Potions
 i - 4 potions of enlightenment
 v - 2 potions of haste
 C - a potion of lignification
 D - 3 potions of cancellation
 E - a potion of attraction
 F - a potion of resistance
 P - a potion of curing


   Skills:
 - Level 12.4 Fighting
 + Level 5.1 Armour
 + Level 6.0 Dodging
 - Level 1.4 Stealth
 + Level 3.4 Shields
 + Level 11.3 Spellcasting
 - Level 6.3 Conjurations
 - Level 3.5 Hexes
 + Level 10.2 Fire Magic


You had 24 spell levels left.
You knew the following spells:

 Your Spells              Type           Power      Damage    Failure   Level
a - Foxfire               Conj/Fire      100%       2x1d9     1%          1
b - Scorch                Fire           100%       2d9       1%          2
c - Inner Flame           Hex/Fire       40%        N/A       6%          3
d - Flame Wave            Conj/Fire      46%        2d12      11%         4

Your spell library contained the following spells:

 Spells                   Type           Power      Damage    Failure   Level
 Volatile Blastmotes      Fire/Tloc      66%        2d15      12%         3
 Ensorcelled Hibernation  Hex/Ice        38%        N/A       24%         2
 Passwall                 Tmut/Erth      9%         N/A       45%         2
 Swiftness                Air            11%        N/A       69%         3
 Alistair's Intoxication  Tmut/Pois      7%         N/A       100%        5
 Borgnjor's Vile Clutch   Necr/Erth      5%         N/A       100%        5
 Eringya's Noxious Bog    Tmut/Pois      5%         4d6       100%        6


Dungeon Overview and Level Annotations

Branches:
Dungeon (9/15)             Temple (1/1) D:6            Lair (2/5) D:9
  Sewer (visited)          Bailey (visited)           IceCv (1/1)
  Swamp: Lair:2-3    Shoals: Lair:2-3     Snake: Lair:2-3    Spider: Lair:2-3
    Orc: D:9-12

Altars:
Ashenzari
Cheibriados
Dithmenos
Fedhas
Gozag
Hepliaklqana
Kikubaaqudgha
Makhleb
Nemelex Xobeh
Qazlal
Ru
Sif Muna
Trog
Uskayaw
Vehumet
Wu Jian
Xom
Zin
The Shining One

Shops:
D:1 [   D:7 (

Annotations:
D:4 1 runed translucent door, Cadnt's ghost, novice BaWn


Innate Abilities, Weirdness & Mutations

You are too large for most types of armour.
You have tough skin. (AC +1)


Message History

Flames lash the frost giant.
Flame seeps out of the frost giant.
The frost giant is moderately wounded.
The frost giant's fire resistance burns away.
The polar bear rages.
The frost giant is engulfed in blazing flames.
Flame seeps out of the frost giant.
Casting: Scorch (safe; 1% risk of failure)
Confirm with . or Enter, or press ? or * to list all spells.
Flames lash the frost giant.
The frost giant is burned terribly!
Flame seeps out of the frost giant.
The frost giant is heavily wounded.
The frost giant is engulfed in blazing flames.
Flame seeps out of the frost giant.
The frost giant hits you but does no damage.
Okay, then.
Casting: Scorch (safe; 1% risk of failure)
Confirm with . or Enter, or press ? or * to list all spells.
Flames lash the frost giant.
The frost giant is burned terribly!
Flame seeps out of the frost giant.
The frost giant is severely wounded.
The frost giant is engulfed in blazing flames.
Flame seeps out of the frost giant.
You block the frost giant's attack.
Casting: Scorch (safe; 1% risk of failure)
Confirm with . or Enter, or press ? or * to list all spells.
Casting: Flame Wave (dangerous; 11% risk of failure)
Press: ? - help, Dir - look around, f - activate Look: a frost giant, wielding a +0 battleaxe of freezing (flame, severely wounded, inner flame, more vulnerable to fire)
A wave of flame ripples out!
The flame wave engulfs the frost giant.
The frost giant is burned terribly!
Flame seeps out of the frost giant.
The frost giant is almost dead. (Press . to intensify the flame waves.)
The frost giant is engulfed in blazing flames.
Flame seeps out of the frost giant.
The frost giant hits you with a +0 battleaxe of freezing!
* * * LOW HITPOINT WARNING * * *
The frost giant freezes you.
* * * LOW HITPOINT WARNING * * *
The frost giant gestures at you while chanting.
The bolt of cold hits you!! You resist.
You die...

....##.# ####.## #..[#
.. ##.#...# #.†.#
.####....#~# #[†[##
#.#.#.#.##~#####
#....###.#...#####~#~~#
#..#..##....######~~##
####.###..###
#..##~~##### #..#...##
##..#≈~##...# #..#..##
##..@#§h~#..[#
#..#...##
#....§C#~#...# ...##.##
#......#~...### .## ###
##....##.#h.# #
#.☼§°☼#..#.##
#...°.#.##..#
##§○°○#C###.#
##..§##.#.##
##..##....#


You could see a frost giant (inner flame, combustible) and a polar bear (unable
to see you).

Vanquished Creatures
  Gastronok (D:9)
  3 death yaks (D:8)
  An orc knight (Bailey)
  Pikel (D:8)
  2 orc sorcerers (Bailey)
  An ugly thing (IceCv)
  A black mamba (Lair:2)
  An ice statue (IceCv)
  4 cane toads
  2 komodo dragons (Lair:1)
  2 ice devils (Lair:2)
  A hornet (D:7)
  2 polar bears (IceCv)
  2 wyverns
  39 yaks
  Grum (D:8)
  3 basilisks
  5 steam dragons
  Menkaure (D:4)
  6 water moccasins
  2 sky beasts (D:8)
  An ice beast (D:6)
  11 orc warriors
  An ogre (D:4)
  20 wolves
  3 centaurs
  4 lemures (D:8)
  2 kobold brigands (D:8)
  2 crocodiles (Sewer)
  5 phantoms
  9 bullfrogs
  A gnoll sergeant (D:8)
  A scorpion (D:6)
  9 wights (D:8)
  3 electric eels (Bailey)
  6 orc priests
  7 hounds
  2 gnoll boudas
  2 sleepcaps
  Ijyb (D:5)
  2 iguanas
  10 orc wizards
  A sickly merfolk siren (Sewer)
  A malarious merfolk avatar (Sewer)
  Robin (D:2)
  21 gnolls
  10 adders
  A white imp (D:6)
  2 ufetubi (D:4)
  11 worms
  3 dart slugs
  45 orcs
  5 endoplasms
  6 giant cockroaches
  21 goblins
  11 hobgoblins
  7 jackals
  6 quokkas
  10 ball pythons
  9 bats
  5 frilled lizards
  11 kobolds
  13 rats
383 creatures vanquished.

Vanquished Creatures (collateral kills)
  A foxfire (D:7)
1 creature vanquished.

Vanquished Creatures (others)
  A sky beast (D:8)
  955 foxfires
956 creatures vanquished.

Grand Total: 1340 creatures vanquished

Notes
Turn   | Place    | Note
-------+----------+-------------------------------------------
     0 | D:1      | DApurpleWHUMPUS the Ogre Fire Elementalist began the quest
                  | for the Orb.
     0 | D:1      | Reached XP level 1. HP: 16/16 MP: 3/3
   215 | D:1      | Found Ticoshah's Antique Armour Shoppe.
   370 | D:1      | Reached skill level 1 in Fighting
   425 | D:1      | Reached XP level 2. HP: 27/27 MP: 1/5
  1021 | D:2      | Noticed Robin
  1065 | D:2      | Reached XP level 3. HP: 12/35 MP: 0/7
  1084 | D:2      | Killed Robin
  1085 | D:2      | Reached skill level 2 in Fighting
  1532 | D:2      | You fall into a shaft and drop 2 floors!
  1633 | D:2      | Reached XP level 4. HP: 42/44 MP: 6/10
  1867 | D:3      | Found a faded altar of an unknown god.
  2251 | D:4      | Reached skill level 3 in Fighting
  2313 | D:4      | Reached XP level 5. HP: 36/53 MP: 8/12
  2417 | D:4      | Noticed Menkaure
  2426 | D:4      | Killed Menkaure
  2427 | D:4      | Reached skill level 4 in Fighting
  2427 | D:4      | Reached skill level 5 in Spellcasting
  2427 | D:4      | Reached XP level 6. HP: 19/62 MP: 7/14
  2614 | D:4      | Found an ornate altar of the Wu Jian Council.
  2799 | D:4      | Learned a level 2 spell: Scorch
  2847 | D:4      | Reached skill level 5 in Fighting
  2910 | D:4      | Found a runed translucent door.
  2910 | D:4      | Noticed Cadnt's ghost (novice BaWn)
  3176 | D:5      | Entered Level 5 of the Dungeon
  3275 | D:5      | Reached XP level 7. HP: 68/72 MP: 14/17
  3889 | D:5      | Noticed Ijyb
  3901 | D:5      | Killed Ijyb
  4176 | D:5      | Identified the +9 flail of the Pits of Slime {protect,
                  | *Corrode Str+4}
  4206 | D:5      | Noticed a yak
  4210 | D:5      | Noticed a yak
  4214 | D:5      | Noticed a yak
  4457 | D:5      | Killed a yak
  4458 | D:5      | Reached skill level 6 in Fighting
  4786 | D:5      | Reached XP level 8. HP: 81/84 MP: 10/20
  4968 | D:5      | Killed a yak
  4972 | D:5      | Killed a yak
  5238 | D:6      | Reached skill level 5 in Fire Magic
  5433 | D:6      | Found a staircase to the Ecumenical Temple.
  5528 | D:6      | Found a glowing drain.
  5532 | Sewer    | Entered a sewer
  6180 | D:6      | Reached XP level 9. HP: 92/92 MP: 17/21
  6209 | Temple   | Entered the Ecumenical Temple
  6265 | Temple   | Became a worshipper of Sif Muna the Loreminder
  7139 | D:7      | Reached skill level 5 in Conjurations
  7306 | D:7      | Noticed a hornet
  7320 | D:7      | Paralysed by a hornet for 2 turns
  7326 | D:7      | Killed a hornet
  7598 | D:7      | Found a flagged portal.
  7607 | Bailey   | Entered a bailey
  7680 | Bailey   | Learned a level 3 spell: Inner Flame
  7783 | Bailey   | Reached * piety under Sif Muna
  7819 | Bailey   | Reached skill level 1 in Hexes
  8418 | Bailey   | Identified the +0 leather armour "Rudelani" {Regen+}
  8429 | Bailey   | Reached XP level 10. HP: 100/100 MP: 16/22
  8429 | Bailey   | Noticed an orc sorcerer
  8435 | Bailey   | Found an iron altar of Okawaru.
  8437 | Bailey   | Noticed an orc sorcerer
  8437 | Bailey   | Noticed an orc knight
  8439 | Bailey   | Noticed an orange demon
  8491 | Bailey   | Learned a level 4 spell: Flame Wave
  8591 | Bailey   | Killed an orc sorcerer
  8763 | Bailey   | Noticed a sun demon
  8764 | Bailey   | Killed an orc sorcerer
  9261 | Bailey   | Acquired the amulet "Diussaj" {RegenMP +Inv rN+ Int+2
                  | Stlth+}
  9401 | Bailey   | Killed an orc knight
  9502 | Bailey   | Identified the +0 halberd "Killer Klown's Doom" {flame,
                  | Contam rF- rC+++ Stlth+}
  9674 | D:7      | Reached ** piety under Sif Muna
 10271 | D:7      | Found Wueray's Firing Range.
 10437 | D:8      | Identified the +1 whip "Feutiu" {venom, *Corrode +Blink
                  | rF+}
 10582 | D:8      | Reached skill level 7 in Fighting
 10768 | D:8      | Noticed Pikel
 10982 | D:8      | Killed Pikel
 10983 | D:8      | Reached skill level 8 in Fighting
 10983 | D:8      | Reached skill level 10 in Spellcasting
 10983 | D:8      | Reached XP level 11. HP: 36/111 MP: 14/25
 11694 | D:8      | Reached *** piety under Sif Muna
 11737 | D:8      | Noticed Grum
 11743 | D:8      | Reached skill level 9 in Fighting
 11752 | D:8      | Killed Grum
 11903 | D:8      | Acquired 1087 gold pieces
 11994 | D:9      | Noticed a death yak
 11997 | D:9      | Noticed a death yak
 11998 | D:9      | Noticed a death yak
 12005 | D:8      | Reached skill level 1 in Armour
 12090 | D:8      | Killed a death yak
 12091 | D:8      | Reached skill level 10 in Fighting
 12954 | D:8      | Killed a death yak
 14493 | D:8      | Reached skill level 11 in Fighting
 14506 | D:8      | Killed a death yak
 14851 | D:9      | Found a staircase to the Lair.
 15288 | D:9      | Noticed Gastronok
 15317 | D:9      | Killed Gastronok
 15318 | D:9      | Reached XP level 12. HP: 62/132 MP: 7/26
 15952 | Lair:1   | Entered Level 1 of the Lair of Beasts
 16054 | Lair:1   | Reached skill level 12 in Fighting
 16056 | Lair:1   | Reached **** piety under Sif Muna
 16400 | Lair:1   | Reached skill level 5 in Dodging
 16614 | Lair:1   | Reached skill level 1 in Shields
 17910 | Lair:2   | Found a frozen archway.
 17930 | Lair:2   | Reached skill level 10 in Fire Magic
 17936 | IceCv    | Entered an ice cave
 18753 | IceCv    | Reached skill level 5 in Armour
 19123 | IceCv    | Noticed a death yak
 19123 | IceCv    | Noticed a frost giant
 19131 | IceCv    | Reached XP level 13. HP: 141/141 MP: 17/28
 19162 | IceCv    | HP: 7/141 [frost giant/+0 battleaxe of freezing (2)]
 19163 | IceCv    | Killed from afar by a frost giant

Illustrated notes

Levels and vault maps discovered:
D:1:      roadster_arrival_rocket_small, layout_basic, serial_shops,
          nicolae_shop_back_alley_shop
D:2:      layout_loops_ring, uniq_sigmund, uniq_robin
D:3:      layout_rooms, hellmonk_ecumenical_altar_arch_garden, kennysheep_donut,
          minmay_tree_intersection
D:4:      layout_rooms, nicolae_wu_jian_wuxing_cycle, gammafunk_ghost_grave,
          uniq_menkaure
D:5:      layout_cave_pods, serial_glass, glass_columns_b, glass_columns_a,
          glass_columns_a, glass_columns_a, glass_columns_c, glass_columns_b,
          nicolae_wormholes, uniq_ijyb
D:6:      layout_basic, temple_pool_b, gup_sewer_entry_spiral
D:7:      layout_cave_pools, enter_bailey_2, serial_column_ruins,
          column_ruins_open_small, column_ruins_grid_1, column_ruins_grid_3,
          column_ruins_corridor_straight, column_ruins_columns_straight,
          hangedman_decor_slide_cut, grunt_ministairs_6,
          minmay_misc_feat_square, nicolae_shop_firing_range
D:8:      layout_basic, hangedman_misty_isle, uniq_pikel, uniq_grum
D:9:      layout_long_grid, dpeg_lair_monsters, grunt_decor_clamped,
          roderic_batcave, minmay_misc_feat_rows, uniq_gastronok
Temple:   dpeg_five_rooms_temple
Lair:1:   layout_loops_ring, grunt_megastairs_1
Lair:2:   layout_cave_pods, nicolae_snake_entry_warm_welcome,
          portal_ice_cave_demonic_guard, grunt_megastairs_5
IceCv:    ice_cave_caverns_03

Skill      XL: |  1  2  3  4  5  6  7  8  9 10 11 12 |
---------------+-------------------------------------+-----
Fighting       | 1 2 3 4 5 6 8 11 12 | 12.4
Spellcasting   | 3 4 5 6 8 10 11 | 11.3
Fire Magic     | 6 9 10 | 10.2
Conjurations   | 2 6 |  6.3
Hexes          | 1 3 |  3.5
Dodging        | 4 6 |  6.0
Armour         | 3 5 |  5.1
Shields        | 3 |  3.4
Stealth        | |  1.4

Action                     |  1- 3 |  4- 6 |  7- 9 | 10-12 | 13-15 || total
---------------------------+-------+-------+-------+-------+-------++-------
  Melee: Unarmed           |    53 |       |       |       |       ||    53
         Dagger            |    28 |    85 |   131 |   161 |       ||   405
         Punch             |     2 |     1 |     4 |     3 |       ||    10
         Flail             |       |       |    11 |       |       ||    11
         Broad axe         |       |       |       |   108 |       ||   108
   Cast: Foxfire           |    51 |    39 |   184 |   310 |       ||   584
         Scorch            |       |     1 |   109 |   160 |     4 ||   274
         Flame Wave        |       |       |       |    55 |     4 ||    59
         Inner Flame       |       |       |       |     4 |     1 ||     5
    Use: Potion            |     2 |       |     6 |     7 |     2 ||    17
         Scroll            |       |       |    17 |    16 |     1 ||    34
   Stab: Sleeping          |       |       |       |     1 |       ||     1
 Armour: Robe              |     2 |       |       |       |       ||     2
         Quicksilver drago |   113 |    72 |   182 |   528 |    11 ||   906
  Dodge: Dodged            |    57 |    55 |   157 |   423 |     3 ||   695
  Block: Kite shield       |       |       |       |   148 |     2 ||   150

Table legend: (Time is in decaauts)
 A = Elapsed time spent in this place.
 B = Non-inter-level travel time spent in this place.
 C = Inter-level travel time spent in this place.
 D = Time resting spent in this place.
 E = Time spent auto-exploring this place.
 F = Levels seen in this place.
 G = Mean time per level.
                   A        B        C        D        E       F      G
               +--------+--------+--------+--------+--------+-----+--------+
         Total |  19263 |  18394 |    869 |   7006 |   7307 |  15 | 1284.2 |
       Dungeon |  13235 |  12559 |    676 |   4399 |   5894 |   9 | 1470.6 |
        Temple |    108 |      3 |    105 |      0 |      0 |   1 |  108.0 |
          Lair |   2029 |   1941 |     88 |    648 |    841 |   2 | 1014.5 |
         Sewer |    568 |    568 |      0 |      0 |    336 |   1 |  568.0 |
        Bailey |   2055 |   2055 |      0 |   1072 |    187 |   1 | 2055.0 |
      Ice Cave |   1266 |   1266 |      0 |    887 |     49 |   1 | 1266.0 |
               +--------+--------+--------+--------+--------+-----+--------+

Top non-repeatable levels by time:
     D:8: 4274 daAuts
  Bailey: 2055 daAuts
     D:5: 2039 daAuts
  Lair:1: 1630 daAuts
   IceCv: 1266 daAuts
     D:9: 1258 daAuts
     D:7: 1247 daAuts
     D:6: 1238 daAuts
     D:4: 983 daAuts
     D:1: 946 daAuts
     D:2: 653 daAuts
     D:3: 594 daAuts
   Sewer: 568 daAuts
  Lair:2: 398 daAuts
  Temple: 108 daAuts
